 Dungeon Sprint DCSS version 0.23.1 (webtiles) character file.

Game seed: 7669832330892060049

6273 nuthulu the Grappler (level 10, 0/117 HPs)
             Began as a Troll Monk on Mar 5, 2019.
             Was the Champion of Yredelemnul.
             Slain by a 13-headed hydra (12 damage)
             ... while paralysed by a floating eye
             ... in the Dungeon (Sprint I: "Red Sonja").
             The game lasted 00:03:37 (945 turns).

nuthulu the Grappler (Troll Monk)                    Turns: 945, Time: 00:03:38

Health: 0/117      AC:  8    Str: 24    XL:     10   Next: 63%
Magic:  12/12      EV:  1    Int:  6    God:    Yredelemnul [******]
Gold:   782        SH:  0    Dex: 12    Spells: 9/9 levels left

rFire    + . .     SeeInvis .     - Unarmed
rCold    . . .     Gourm    +   (no shield)
rNeg     . . .     Faith    .   i - +2 robe {rF+}
rPois    .         Spirit   .   (helmet restricted)
rElec    .         Reflect  .   (no cloak)
rCorr    .         Harm     .   (gloves unavailable)
MR       .....     NoTele   +   (boots unavailable)
Stlth    ++........             (no amulet)
HPRegen  0.69/turn              (no ring)
MPRegen  0.13/turn              (no ring)

@: paralysed
A: large, unfitting armour, claws 3, fast metabolism 3, gourmand, regeneration
1, shaggy fur 1, tough skin 3
a: Recall Undead Slaves, Injury Mirror, Animate Dead, Drain Life, Enslave Soul,
Renounce Religion


You were in the Dungeon.
You worshipped Yredelemnul.
Yredelemnul was exalted by your worship.
You were completely stuffed.

You visited 1 branch You collected 782 gold pieces.

Inventory:

Armour
 a - a +0 robe
 i - a +2 robe of fire resistance (worn)
Wands
 l - a wand of flame (18)
Scrolls
 h - a scroll of blinking
 j - 2 scrolls of identify {unknown}
Potions
 c - a potion of curing
 e - a potion of haste
 f - 2 potions of magic
 g - a potion of berserk rage
 k - a potion of might {unknown}
Comestibles
 b - 3 rations
 m - 5 chunks of flesh


   Skills:
 + Level 12.4 Fighting
 + Level 12.4 Dodging
 - Level 1.0 Stealth
 + Level 14.4 Unarmed Combat
 + Level 4.2 Invocations


You had 9 spell levels left.
You didn't know any spells.
Your spell library contained the following spells:

 Spells                   Type           Power        Failure   Level  Hunger
 Summon Small Mammal      Summ           #...         45%         1    ##.....
 Call Imp                 Summ           #.......     58%         2    ###....
 Call Canine Familiar     Summ           #.......     83%         3    ####...
 Summon Guardian Golem    Hex/Summ       #.......     83%         3    ####...
 Summon Ice Beast         Ice/Summ       #.......     99%         4    #####..
 Summon Lightning Spire   Summ/Air       #.......     99%         4    #####..


Dungeon Overview and Level Annotations

Branches:
Dungeon (1/1)

Altars:
Cheibriados
Dithmenos
Elyvilon
Fedhas
Gozag
Hepliaklqana
Kikubaaqudgha
Makhleb
Nemelex Xobeh
Okawaru
Qazlal
Ru
Sif Muna
Trog
Uskayaw
Vehumet
Wu Jian
Xom
Yredelemnul
Zin
The Shining One
Jiyva
Lugonu

Shops:
D :[


Innate Abilities, Weirdness & Mutations

You are too large for most types of armour.
You have claws for hands.
Your metabolism is lightning-fast.
You like to eat raw meat.
Your natural rate of healing is unusually fast.
You are covered in fur. (AC +1)
You have extremely tough skin. (AC +3)


Message History

* * * LOW HITPOINT WARNING * * *
The 13-headed hydra misses you.
Unknown command.
Unknown command.
You feel much better.
The floating eye gazes piercingly through you!
You suddenly lose the ability to move!
The floating eye seems to glare at you. The 13-headed hydra bites you.
The 13-headed hydra bites you! The 13-headed hydra bites you.
* * * LOW HITPOINT WARNING * * *
The 13-headed hydra bites you!
* * * LOW HITPOINT WARNING * * *
The 13-headed hydra bites you.
* * * LOW HITPOINT WARNING * * *
The 13-headed hydra bites you!
* * * LOW HITPOINT WARNING * * *
The 13-headed hydra bites you!
You die...
Your body rises from the dead as a mindless zombie.

##########################
#..'...#()#Z§§÷'@D§§§GG.$#
'..#))Z##Z#Z####§G§§§##$.+
####.ZMMZ§#§# ##§§§## ##
#(§#####zzZZ# ###+#
§§§#..##z#### #.#
§.§M..#..^ #.. §§§#..#....
##. #####'###°.○ .#
.[###.+ ○°.# ##


You could see a 13-headed hydra and a floating eye.

Vanquished Creatures
  A centaur warrior (D)
  A deep troll (D)
  A lindwurm (D)
  An oklob plant (D)
  A gargoyle (D)
  2 kobold demonologists (D)
  3 demonic crawlers (D)
  A hornet (D)
  A slime creature (D)
  Sigmund (D)
  7 hogs (D)
  A yak (D)
  A floating eye (D)
  An ogre (D)
  A jelly (D)
  Ijyb (D)
25 creatures vanquished.

Vanquished Creatures (collateral kills)
  A centaur warrior (D)
  A demonic crawler (D)
  6 hogs (D)
8 creatures vanquished.

Vanquished Creatures (others)
  4 demonic crawler zombies (D)
  7 flying skulls (D)
  A wraith (D)
  A hog zombie (D)
  2 hog skeletons (D)
  2 wights (D)
  2 mummies (D)
19 creatures vanquished.

Grand Total: 52 creatures vanquished

Notes
Turn   | Place    | Note
-------+----------+-------------------------------------------
     0 | D        | nuthulu the Troll Monk began the quest for the Orb.
     0 | D        | Reached XP level 1. HP: 22/22 MP: 0/0
     2 | D        | Noticed Ijyb
    16 | D        | Killed Ijyb
    16 | D        | Reached skill level 4 in Unarmed Combat
    16 | D        | Reached XP level 2. HP: 29/32 MP: 1/1
    22 | D        | Noticed an ogre
    26 | D        | Killed an ogre
    26 | D        | Reached skill level 5 in Fighting
    26 | D        | Reached skill level 5 in Dodging
    26 | D        | Reached skill level 6 in Unarmed Combat
    26 | D        | Reached XP level 3. HP: 38/42 MP: 2/2
    26 | D        | Reached XP level 4. HP: 45/50 MP: 3/3
    36 | D        | Noticed Sigmund
    40 | D        | Killed Sigmund
    40 | D        | Reached skill level 7 in Unarmed Combat
    40 | D        | Reached XP level 5. HP: 61/61 MP: 4/4
    66 | D        | Found an ornate altar of the Wu Jian Council.
    66 | D        | Found a deep blue altar of Sif Muna.
    68 | D        | Found a radiant altar of Vehumet.
    73 | D        | Reached XP level 6. HP: 64/68 MP: 5/5
    77 | D        | Found Patiedd's Book Emporium.
    77 | D        | Found an ancient bone altar of Kikubaaqudgha.
    77 | D        | Found a stormy altar of Qazlal.
    77 | D        | Found a blossoming altar of Fedhas.
    77 | D        | Found a bloodstained altar of Trog.
    77 | D        | Found an iron altar of Okawaru.
    77 | D        | Found a glowing golden altar of the Shining One.
    77 | D        | Found a glowing silver altar of Zin.
    77 | D        | Found a white marble altar of Elyvilon.
    77 | D        | Noticed a yak
    78 | D        | Found a hazy altar of Hepliaklqana.
    78 | D        | Found a hide-covered altar of Uskayaw.
    78 | D        | Found a basalt altar of Yredelemnul.
    78 | D        | Found an opulent altar of Gozag.
    78 | D        | Found a snail-covered altar of Cheibriados.
    78 | D        | Found a sacrificial altar of Ru.
    78 | D        | Found a shadowy altar of Dithmenos.
    85 | D        | Killed a yak
    85 | D        | Reached skill level 8 in Unarmed Combat
    86 | D        | Found a sparkling altar of Nemelex Xobeh.
   153 | D        | Became a worshipper of Yredelemnul the Dark
   153 | D        | Reached * piety under Yredelemnul
   153 | D        | Reached ** piety under Yredelemnul
   187 | D        | Found a burning altar of Makhleb.
   187 | D        | Found a viscous altar of Jiyva.
   187 | D        | Found a shimmering altar of Xom.
   187 | D        | Found a corrupted altar of Lugonu.
   187 | D        | Noticed a slime creature
   193 | D        | Killed a slime creature
   193 | D        | Reached skill level 9 in Unarmed Combat
   193 | D        | Reached XP level 7. HP: 80/80 MP: 6/6
   204 | D        | Noticed a kobold demonologist
   205 | D        | Noticed a kobold demonologist
   209 | D        | Noticed a rust devil
   213 | D        | Noticed a soul eater
   216 | D        | Killed a kobold demonologist
   216 | D        | Reached skill level 10 in Unarmed Combat
   224 | D        | Noticed an orange demon
   225 | D        | Killed a kobold demonologist
   225 | D        | Reached *** piety under Yredelemnul
   225 | D        | Reached XP level 8. HP: 64/92 MP: 7/7
   280 | D        | Noticed a centaur warrior
   280 | D        | Noticed a centaur warrior
   289 | D        | Killed a centaur warrior
   289 | D        | Reached skill level 10 in Fighting
   289 | D        | Reached skill level 10 in Dodging
   289 | D        | Reached skill level 11 in Unarmed Combat
   289 | D        | Received a gift from Yredelemnul (a mummy)
   294 | D        | Killed a centaur warrior
   294 | D        | Reached skill level 12 in Unarmed Combat
   294 | D        | Reached XP level 9. HP: 55/102 MP: 8/8
   366 | D        | Paralysed by a hornet for 2 turns
   464 | D        | Noticed a deep troll
   467 | D        | Killed a deep troll
   467 | D        | Reached skill level 13 in Unarmed Combat
   467 | D        | Received a gift from Yredelemnul (4 flying skulls)
   487 | D        | Found Femewyfe's Armour Emporium.
   521 | D        | Noticed an oklob plant
   527 | D        | Killed an oklob plant
   554 | D        | Noticed a demonic crawler
   554 | D        | Noticed a demonic crawler
   554 | D        | Noticed a demonic crawler
   554 | D        | Noticed a demonic crawler
   561 | D        | Killed a demonic crawler
   561 | D        | Reached **** piety under Yredelemnul
   568 | D        | Killed a demonic crawler
   568 | D        | Reached XP level 10. HP: 78/115 MP: 9/9
   568 | D        | Received a gift from Yredelemnul (a wight)
   659 | D        | Noticed a gargoyle
   670 | D        | Killed a gargoyle
   670 | D        | Reached skill level 1 in Invocations
   670 | D        | Received a gift from Yredelemnul (2 flying skulls)
   670 | D        | Received a gift from Yredelemnul (a mummy)
   678 | D        | Noticed a lindwurm
   685 | D        | Killed a lindwurm
   685 | D        | Reached skill level 14 in Unarmed Combat
   773 | D        | Reached ***** piety under Yredelemnul
   784 | D        | Received a gift from Yredelemnul (a wraith)
   809 | D        | Received a gift from Yredelemnul (a flying skull)
   831 | D        | Reached ****** piety under Yredelemnul
   831 | D        | Received a gift from Yredelemnul (a wight)
   927 | D        | Noticed a 12-headed hydra
   945 | D        | Paralysed by a floating eye for 3 turns
   945 | D        | Slain by a 13-headed hydra

Skill      XL: |  1  2  3  4  5  6  7  8  9 10 |
---------------+-------------------------------+-----
Fighting       | 3 5 6 8 9 10 11 12 | 12.4
Dodging        | 3 5 6 8 9 10 11 12 | 12.4
Unarmed Combat | 4 6 7 9 10 12 13 14 | 14.4
Invocations    | 4 |  4.2
Stealth        | |  1.0

Action                   |  1- 3 |  4- 6 |  7- 9 | 10-12 || total
-------------------------+-------+-------+-------+-------++-------
Melee: Unarmed           |    16 |    17 |    48 |    38 ||   119
       Punch             |       |       |     2 |     3 ||     5
Invok: Animate Dead      |       |       |       |     2 ||     2
Evoke: Wand              |       |       |       |     3 ||     3
  Use: Potion            |       |       |       |     1 ||     1
  Eat: Chunk             |     2 |     3 |     5 |     5 ||    15
Armor: Robe              |     4 |     1 |    20 |     6 ||    31
Dodge: Dodged            |     3 |     9 |    37 |    40 ||    89
